 Dungeon Crawl Stone Soup version 0.30-a0-141-g30f27751c5 (webtiles) character file.

Game seed: 209341584015067394

296 qw the Shield-Bearer (level 6, -1/37 HPs)
             Began as a Gargoyle Fighter on Sept 25, 2022.
             Slain by a gnoll
             ... wielding a +0 flail
             ... led by a gnoll sergeant
              (5 damage)
             ... on level 5 of the Dungeon.
             The game lasted 00:01:27 (3702 turns).

qw the Shield-Bearer (Gargoyle Fighter)             Turns: 3702, Time: 00:01:27

Health: -1/37      AC: 19    Str: 21    XL:     6   Next: 34%
Magic:  6/6        EV:  4    Int:  7    God:
Gold:   883        SH: 13    Dex:  9    Spells: 5/5 levels left

rFire   . . .      SeeInvis .    Y - +0 war axe
rCold   . . .      Faith    .    a - +5 kite shield of Fortification {Rampage Int-2 Stlth+}
rNeg    + . .      Spirit   .    h - +0 plate armour
rPois   inf        Reflect  .    e - +0 helmet
rElec   +          Harm     .    (no cloak)
rCorr   .          Rampage  +    (no gloves)
Will    .....                    g - +1 pair of boots
Stlth   ..........               (no amulet)
HPRegen 0.12/turn                (no ring)
MPRegen 0.10/turn                (no ring)

@: about to teleport
A: sickness immunity, AC +4, negative energy resistance 1, electricity
resistance, torment resistance 1, petrification resistance
a: no special abilities


You were on level 5 of the Dungeon.
You visited 1 branch of the dungeon, and saw 5 of its levels.

You collected 883 gold pieces.


Innate Abilities, Weirdness & Mutations

You are immune to sickness and miasma.
Your stone body is resilient. (AC +4)
You are immune to poison.
You resist negative energy. (rN+)
You are resistant to electric shocks. (rElec)
You are resistant to unholy torment.
You are immune to petrification.


   Skills:
 - Level 3.2 Fighting
 + Level 4.6 Axes
 - Level 1.0 Throwing
 - Level 3.2 Armour
 - Level 5.2 Shields


You had 5 spell levels left.
You didn't know any spells.
Your spell library was empty.

Inventory:

Hand Weapons
 k - a +0 morningstar
 Y - a +0 war axe (weapon)
Armour
 a - the +5 kite shield of Fortification (worn) {Rampage Int-2 Stlth+}
   (You acquired it on level 1 of the Dungeon)

   Int:       It affects your intelligence (-2).
   Rampage:   It bestows one free step when moving towards enemies.
   Stlth:     It makes you more stealthy.
 e - a +0 helmet (worn)
 g - a +1 pair of boots (worn)
 h - a +0 plate armour (worn)
Potions
 b - a potion of haste {unknown}
 c - a potion of cancellation {unknown}
 d - a potion of might
 f - a potion of flight {unknown}
 i - a potion of attraction {unknown}
 j - a potion of brilliance {unknown}
 p - a potion of heal wounds {unknown}

Dungeon Overview and Level Annotations

Branches:
Dungeon (5/15)
 Temple: D:4-7

Altars:


Message History

You closely miss the gnoll. You block the gnoll sergeant's attack.
The gnoll barely misses you. The gnoll hits you but does no damage.
You hit the gnoll but do no damage.
The gnoll is severely wounded.
You hit the gnoll. You barely miss the gnoll.
The gnoll sergeant barely misses you. The gnoll hits you but does no damage.
The gnoll barely misses you. The gnoll hits you but does no damage.
The gnoll hits you with a +0 flail. You block the gnoll sergeant's attack.
You block the gnoll's attack. The gnoll hits you but does no damage.
You closely miss the gnoll.
The gnoll is severely wounded.
You hit the gnoll. x2
The gnoll sergeant hits you but does no damage.
The gnoll barely misses you. You block the gnoll's attack. x2
You hit the gnoll.
The gnoll is almost dead.
You barely miss the gnoll. You hit the gnoll.
The gnoll sergeant hits you from afar with a +0 trident.
You block the gnoll's attack. The gnoll hits you but does no damage.
You block the gnoll's attack. You block the gnoll sergeant's attack.
The gnoll hits you with a +0 club. The gnoll hits you with a +0 flail.
You hit the gnoll.
You kill the gnoll!
You closely miss the gnoll. You hit the gnoll but do no damage.
The gnoll hits you with a +0 flail! You block the gnoll's attack.
The gnoll sergeant hits you from afar with a +0 trident.
3701 ||| READING scroll of teleportation.
As you read the scroll of teleportation, it crumbles to dust.
You feel strangely unstable.
The iguana bites you but does no damage.
The gnoll hits you but does no damage.
The gnoll sergeant hits you from afar with a +0 trident.
The gnoll barely misses you.
You barely miss the gnoll.
The gnoll is moderately wounded.
You hit the iguana. You barely miss the gnoll. You block the iguana's attack.
The gnoll sergeant barely misses you. The gnoll hits you with a +0 flail.
You die...

......#
......##
.....##
#....##
#....##
#<...# ###.
##...## .....
##...#......
##.@l......
##gg......
...g.....
........(.
...........
............
#............
##...........


You could see a gnoll sergeant, an iguana and 2 gnolls.

Vanquished Creatures
  A hound (D:4)
  An orc priest (D:4)
  A jelly (D:4)
  An orc wizard (D:4)
  7 adders
  2 gnolls (D:5)
  A worm (D:3)
  11 orcs
  10 endoplasms
  3 giant cockroaches (D:1)
  7 goblins
  6 hobgoblins
  3 jackals (D:4)
  3 quokkas
  10 ball pythons
  A bat (D:2)
  4 frilled lizards
  3 kobolds
  8 rats
83 creatures vanquished.

Vanquished Creatures (others)
  A fungus (D:3)
1 creature vanquished.

Grand Total: 84 creatures vanquished

Notes
Turn   | Place    | Note
-------+----------+-------------------------------------------
     0 | D:1      | qw the Gargoyle Fighter began the quest for the Orb.
     0 | D:1      | Reached XP level 1. HP: 14/14 MP: 1/1
     0 | D:1      | 0 ||| qw: Version: 0.2-a-10-g399e6c4
     0 | D:1      | 0 ||| qw: Game counter: 293
     0 | D:1      | 0 ||| qw: Always use a shield: true
     0 | D:1      | 0 ||| qw: God list: Okawaru
     0 | D:1      | 0 ||| qw: Allow faded altars: false
     0 | D:1      | 0 ||| qw: Do Orc after D:15 true
     0 | D:1      | 0 ||| qw: Do second Lair branch before Depths: true
     0 | D:1      | 0 ||| qw: Lair rune preference: random
     0 | D:1      | 0 ||| qw: Plans: Normal, Zot:1-4, God:TSO, Crypt, Tomb,
                  | Pan, Slime:5, Hells, Abyss, Orb
     0 | D:1      | 0 ||| PLANNING D:1-11
   208 | D:1      | 208 ||| Stepping ~*~*~tactically~*~*~ (stealth).
   284 | D:1      | 284 ||| Stepping ~*~*~tactically~*~*~ (stealth).
   285 | D:1      | 285 ||| Stepping ~*~*~tactically~*~*~ (stealth).
   301 | D:1      | Reached XP level 2. HP: 19/19 MP: 2/2
   305 | D:1      | 305 ||| Stepping ~*~*~tactically~*~*~ (stealth).
   421 | D:1      | 421 ||| Stepping ~*~*~tactically~*~*~ (stealth).
   422 | D:1      | 422 ||| Stepping ~*~*~tactically~*~*~ (stealth).
   509 | D:1      | Reached skill level 3 in Axes
   522 | D:1      | 522 ||| Stepping ~*~*~tactically~*~*~ (stealth).
   526 | D:1      | 526 ||| Stepping ~*~*~tactically~*~*~ (stealth).
   540 | D:1      | 540 ||| Stepping ~*~*~tactically~*~*~ (stealth).
   592 | D:1      | Reached XP level 3. HP: 23/23 MP: 3/3
  1134 | D:1      | 1134 ||| UPGRADING to +1 pair of boots.
  1139 | D:1      | 1139 ||| UPGRADING to +0 plate armour.
  1149 | D:1      | 1149 ||| DROPPING +0 scale mail.
  1150 | D:1      | 1150 ||| READING scroll labelled EBLUAVIEFA.
  1150 | D:1      | Identified a scroll of acquirement
  1150 | D:1      | 1150 ||| ACQUIRING +5 kite shield of Fortification {Rampage
                  | Int-2 Stlth+}
  1150 | D:1      | Acquired the +5 kite shield of Fortification {Rampage Int-2
                  | Stlth+}
  1152 | D:1      | 1152 ||| UPGRADING to +5 kite shield of Fortification
                  | {Rampage Int-2 Stlth+}.
  1162 | D:1      | 1162 ||| DROPPING +0 buckler.
  1259 | D:2      | 1259 ||| Stepping ~*~*~tactically~*~*~ (stealth).
  1260 | D:2      | 1260 ||| Stepping ~*~*~tactically~*~*~ (stealth).
  1261 | D:2      | 1261 ||| Stepping ~*~*~tactically~*~*~ (stealth).
  1262 | D:2      | 1262 ||| Stepping ~*~*~tactically~*~*~ (stealth).
  1304 | D:2      | 1304 ||| DROPPING +0 club.
  1416 | D:2      | Reached skill level 4 in Shields
  1498 | D:2      | Reached XP level 4. HP: 28/28 MP: 4/4
  1854 | D:2      | 1854 ||| UPGRADING to +0 helmet.
  1870 | D:3      | 1870 ||| STAIRDANCE
  1990 | D:3      | 1990 ||| DROPPING +0 whip.
  1995 | D:3      | Found a faded altar of an unknown god.
  2089 | D:3      | 2089 ||| Stepping ~*~*~tactically~*~*~ (stealth).
  2090 | D:3      | 2090 ||| Stepping ~*~*~tactically~*~*~ (stealth).
  2496 | D:3      | 2496 ||| READING scroll of acquirement.
  2496 | D:3      | 2496 ||| ACQUIRING 693 gold pieces
  2496 | D:3      | Acquired 693 gold pieces
  2499 | D:3      | 2499 ||| Stepping ~*~*~tactically~*~*~ (stealth).
  2504 | D:3      | Reached skill level 1 in Throwing
  2760 | D:3      | 2760 ||| READING 3 scrolls labelled JOPHYR MONKUTA.
  2761 | D:3      | 2761 ||| READING scroll labelled WYUDGH GIHYI.
  2762 | D:3      | 2762 ||| READING scroll labelled LEOSSAW ISEKK.
  2765 | D:3      | 2765 ||| DRINKING 2 bubbling inky potions.
  2766 | D:3      | 2766 ||| DROPPING 2 scrolls of amnesia.
  2816 | D:4      | Reached XP level 5. HP: 32/32 MP: 5/5
  3109 | D:4      | 3109 ||| Stepping ~*~*~tactically~*~*~ (stealth).
  3110 | D:4      | 3110 ||| Stepping ~*~*~tactically~*~*~ (stealth).
  3111 | D:4      | 3111 ||| Stepping ~*~*~tactically~*~*~ (stealth).
  3177 | D:4      | 3177 ||| Stepping ~*~*~tactically~*~*~ (stealth).
  3194 | D:4      | 3194 ||| DRINKING 2 potions of curing.
  3194 | D:4      | 3194 ||| (to cure confusion)
  3206 | D:4      | 3206 ||| DRINKING potion of curing.
  3206 | D:4      | 3206 ||| (to cure confusion)
  3215 | D:4      | Reached skill level 5 in Shields
  3215 | D:4      | Reached XP level 6. HP: 37/37 MP: 6/6
  3256 | D:4      | 3256 ||| Stepping ~*~*~tactically~*~*~ (stealth).
  3436 | D:4      | 3436 ||| DROPPING scarf of harm.
  3441 | D:4      | 3441 ||| STAIRDANCE
  3445 | D:4      | 3445 ||| STAIRDANCE
  3449 | D:4      | 3449 ||| STAIRDANCE
  3453 | D:4      | 3453 ||| STAIRDANCE
  3457 | D:4      | 3457 ||| STAIRDANCE
  3461 | D:4      | 3461 ||| STAIRDANCE
  3465 | D:4      | 3465 ||| STAIRDANCE
  3469 | D:4      | 3469 ||| STAIRDANCE
  3473 | D:4      | 3473 ||| STAIRDANCE
  3477 | D:4      | 3477 ||| STAIRDANCE
  3481 | D:4      | 3481 ||| STAIRDANCE
  3485 | D:4      | 3485 ||| STAIRDANCE
  3489 | D:4      | 3489 ||| STAIRDANCE
  3493 | D:4      | 3493 ||| STAIRDANCE
  3497 | D:4      | 3497 ||| STAIRDANCE
  3501 | D:4      | 3501 ||| STAIRDANCE
  3505 | D:4      | 3505 ||| STAIRDANCE
  3509 | D:4      | 3509 ||| STAIRDANCE
  3513 | D:4      | 3513 ||| STAIRDANCE
  3517 | D:4      | 3517 ||| STAIRDANCE
  3567 | D:3      | 3567 ||| DROPPING +0 flail.
  3671 | D:3      | 3671 ||| READING scroll labelled TUPURAF ULAPLY.
  3682 | D:5      | Entered Level 5 of the Dungeon
  3700 | D:5      | HP: 9/37 [gnoll/+0 flail[a gnoll sergeant] (7)]
  3701 | D:5      | 3701 ||| READING scroll of teleportation.
  3701 | D:5      | HP: 4/37 [gnoll sergeant/+0 trident (3)]
  3702 | D:5      | Slain by a gnoll

Levels and vault maps discovered:
D:1:      saegor_arrival_under_anarchy, layout_basic, minmay_cupped
D:2:      layout_basic
D:3:      layout_basic, dreamdust_ecumenical_altar_grove, serial_aquarium,
          aquarium_bridge_island_small [aquarium_subvault_small_open,
          aquarium_subvault_wall, aquarium_subvault_balcony,
          aquarium_subvault_bridge, aquarium_subvault_balcony],
          aquarium_window_1, aquarium_window_1, aquarium_window_fake,
          aquarium_window_3, aquarium_view_2d, minmay_fractal_squares_gapless_5
D:4:      layout_cave_pools, corexii_item_surrounded_by_moat,
          roderic_serpentine_path, st_stairs_8
D:5:      layout_cave_pods

Skill      XL: |  1  2  3  4  5 |
---------------+----------------+-----
Axes           | 2 3 4 |  4.6
Shields        | 4 5 |  5.2
Throwing       | 1 |  1.0
Fighting       | |  3.2
Armour         | |  3.2

Action                   |  1- 3 |  4- 6 || total
-------------------------+-------+-------++-------
Melee: War axe           |   101 |   169 ||   270
Throw: Javelin           |       |    25 ||    25
  Use: Scroll            |     1 |     6 ||     7
       Potion            |       |     3 ||     3
Armor: Scale mail        |    28 |       ||    28
       Plate armour      |    11 |    98 ||   109
Dodge: Dodged            |    32 |    25 ||    57
Block: Buckler           |    13 |       ||    13
       Kite shield       |    18 |   121 ||   139

Table legend:
 A = Non-vault XP
 B = Vault XP
 C = Vault XP percentage of total XP
 D = Non-vault monster count
 E = Vault monster count
 F = Vault count percentage of total count
                 A         B        C        D         E       F
            +---------+---------+-------+---------+---------+-------
      Total |     350 |      73 |  17.3 |      69 |      14 |  16.9
            +---------+---------+-------+---------+---------+-------
        D:1 |      33 |      10 |  23.3 |      21 |       5 |  19.2
        D:2 |      56 |       0 |   0.0 |      12 |       0 |   0.0
        D:3 |      51 |      14 |  21.5 |      19 |       7 |  26.9
        D:4 |     181 |      49 |  21.3 |      15 |       2 |  11.8
        D:5 |      29 |       0 |   0.0 |       2 |       0 |   0.0
            +---------+---------+-------+---------+---------+-------
